 Dungeon Crawl Stone Soup version 0.30-a0-591-g3c58d2bc28 (webtiles) character file.

Game seed: 11745797572933104514

339 Crownlay the Firebug (level 6, -5/44 HPs)
             Began as a Gnoll Wanderer on Jan 5, 2023.
             Slain by Edmund
             ... wielding a +1 heavy flail
              (11 damage)
             ... on level 4 of the Dungeon.
             The game lasted 00:04:24 (3479 turns).

Crownlay the Firebug (Gnoll Wanderer)               Turns: 3479, Time: 00:04:24

Health: -5/44      AC:  6    Str: 10    XL:     6   Next: 55%
Magic:  4/14       EV: 10    Int: 13    God:
Gold:   112        SH:  0    Dex: 13    Spells: 14/15 levels left

rFire   . . .      SeeInvis .    a - +0 sling
rCold   . . .      Faith    .    (no shield)
rNeg    . . .      Spirit   .    b - +0 ring mail
rPois   .          Reflect  .    (no helmet)
rElec   .          Harm     .    (no cloak)
rCorr   .          Rampage  .    (no gloves)
Will    .....                    (no boots)
Stlth   +                        (no amulet)
HPRegen 0.27/turn                t - ring of wizardry
MPRegen 0.14/turn                (no ring)

@: no status effects
A: fangs 1, strong nose, distributed training
a: no special abilities


You were on level 4 of the Dungeon.
You visited 1 branch of the dungeon, and saw 4 of its levels.

You collected 112 gold pieces.

Inventory:

Hand Weapons
 a - a +0 sling (weapon)
 p - a +4 club
 u - a +2 dagger of holy wrath
Armour
 b - a +0 ring mail (worn)
Jewellery
 t - a ring of wizardry (left hand)
Wands
 o - a wand of digging (7)
 r - a wand of flame (16)
Scrolls
 c - a scroll of teleportation
 d - a scroll of magic mapping {unknown}
 e - a scroll of amnesia {unknown}
 i - a scroll of silence {unknown}
 k - a scroll of identify {unknown}
 n - 2 scrolls of noise {unknown}
 s - a scroll of blinking {unknown}
Potions
 f - 3 potions of curing {unknown}
 g - 2 potions of brilliance {unknown}
 h - a potion of might {unknown}
 j - 4 potions of heal wounds {unknown}
 l - a potion of degeneration {unknown}
 m - a potion of magic {unknown}
 q - a potion of haste {unknown}


   Skills:
 + Level 2.1 Fighting
 + Level 2.1 Short Blades
 + Level 2.1 Long Blades
 + Level 2.1 Axes
 + Level 2.1 Maces & Flails
 + Level 2.1 Polearms
 + Level 2.1 Staves
 + Level 3.3 Ranged Weapons
 + Level 2.1 Throwing
 + Level 6.9 Armour
 + Level 2.1 Dodging
 + Level 2.1 Stealth
 + Level 2.1 Shields
 + Level 2.1 Unarmed Combat
 + Level 5.4 Spellcasting
 + Level 1.6 Conjurations
 + Level 1.6 Hexes
 + Level 1.6 Summonings
 + Level 1.6 Necromancy
 + Level 1.6 Translocations
 + Level 1.6 Transmutations
 + Level 7.3 Fire Magic
 + Level 1.6 Ice Magic
 + Level 1.6 Air Magic
 + Level 1.6 Earth Magic
 + Level 1.6 Poison Magic
 + Level 2.3 Invocations
 + Level 2.1 Evocations


You had 14 spell levels left.
You knew the following spells:

 Your Spells              Type           Power      Damage    Failure   Level
a - Foxfire               Conj/Fire      60%        2x1d7     2%          1

Your spell library contained the following spells:

 Spells                   Type           Power      Damage    Failure   Level
 Flame Wave               Conj/Fire      15%        2d7       26%         4
 Sticky Flame             Conj/Fire      15%        2d4       26%         4


Dungeon Overview and Level Annotations

Branches:
Dungeon (4/15)
 Temple: D:4-7

Altars:

Annotations:
D:3 1 runed translucent door, Crazy Yiuf
D:4 Edmund, Eustachio


Innate Abilities, Weirdness & Mutations

You have very sharp teeth.
Your uncanny sense of smell can sniff out nearby items.
Your experience applies equally to all skills.


Message History

Edmund is heavily wounded.
You conjure some foxfire!
The foxfire hits Edmund but does no damage.
Edmund is heavily wounded.
The foxfire hits Edmund.
Edmund is heavily wounded.
The foxfire hits Edmund.
Edmund is severely wounded.
Edmund hits you with a +1 heavy flail.
You conjure some foxfire!
The foxfire hits Edmund but does no damage.
Edmund is severely wounded.
Edmund hits you with a +1 heavy flail!
Your magical contamination has completely faded away.
You are too injured to fight recklessly!
You are too injured to fight recklessly!
Fire: a) +0 sling
Press: ? - help, Shift-Dir - straight line, f - Edmund
Aim: Edmund, wielding a +1 heavy flail and wearing a +0 ring mail (severely wounded, ally target, 60% to hit)
You shoot a sling bullet. The sling bullet barely misses Edmund.
The foxfire hits Edmund.
Edmund is severely wounded.
The foxfire hits Edmund but does no damage.
Edmund is severely wounded.
The foxfire hits Edmund.
Edmund is almost dead.
Casting: Foxfire (safe; 2% risk of failure)
Confirm with . or Enter, or press ? or * to list all spells.
You conjure some foxfire!
Edmund hits you with a +1 heavy flail!
* * * LOW HITPOINT WARNING * * *
Casting: Foxfire (safe; 2% risk of failure)
Confirm with . or Enter, or press ? or * to list all spells.
Okay, then.
The foxfire hits Edmund.
Edmund is almost dead.
There is an open door here.
Casting: Foxfire (safe; 2% risk of failure)
Confirm with . or Enter, or press ? or * to list all spells.
You conjure some foxfire!
Edmund hits you with a +1 heavy flail!
You die...

#........#.
####........#
#...........# ..
#..........##...
#...............
#......<...###
########.#......
#v#.####.
#####@#v#
#...v.@.#
#.............
#.............
#.............
#####+#.......
....... >#+####
.#


You could see Edmund (ally target).

Vanquished Creatures
  A hound (D:4)
  Ijyb (D:3)
  Natasha (thrice) (D:3)
  7 gnolls
  7 adders
  2 worms (D:2)
  2 dart slugs (D:1)
  4 orcs
  4 ball pythons
  9 bats
  5 endoplasms
  4 giant cockroaches
  3 goblins
  7 hobgoblins
  A quokka (D:1)
  4 frilled lizards
  5 kobolds
  3 rats (D:1)
72 creatures vanquished.

Vanquished Creatures (others)
  193 foxfires
  7 plants (D:2)
200 creatures vanquished.

Grand Total: 272 creatures vanquished

Notes
Turn   | Place    | Note
-------+----------+-------------------------------------------
     0 | D:1      | Crownlay the Gnoll Wanderer began the quest for the Orb.
     0 | D:1      | Crownlay set off with the following items: a +0 sling, a +0
                  | ring mail, a scroll of teleportation; and the following
                  | spell memorised: Foxfire; and the following spells
                  | available to memorise: Flame Wave, Sticky Flame.
     0 | D:1      | Reached XP level 1. HP: 13/13 MP: 6/6
   183 | D:1      | Reached XP level 2. HP: 19/19 MP: 3/7
   633 | D:1      | Reached skill level 5 in Spellcasting
   633 | D:1      | Reached XP level 3. HP: 25/25 MP: 7/9
  1037 | D:2      | Reached skill level 1 in Invocations
  1069 | D:2      | Reached skill level 1 in Fighting
  1069 | D:2      | Reached skill level 1 in Short Blades
  1069 | D:2      | Reached skill level 1 in Long Blades
  1069 | D:2      | Reached skill level 1 in Axes
  1069 | D:2      | Reached skill level 1 in Maces & Flails
  1069 | D:2      | Reached skill level 1 in Polearms
  1069 | D:2      | Reached skill level 1 in Staves
  1069 | D:2      | Reached skill level 1 in Throwing
  1069 | D:2      | Reached skill level 1 in Dodging
  1069 | D:2      | Reached skill level 1 in Stealth
  1069 | D:2      | Reached skill level 1 in Shields
  1069 | D:2      | Reached skill level 1 in Unarmed Combat
  1069 | D:2      | Reached skill level 1 in Evocations
  1072 | D:2      | Reached XP level 4. HP: 23/32 MP: 1/11
  1201 | D:2      | Reached skill level 1 in Conjurations
  1201 | D:2      | Reached skill level 1 in Hexes
  1201 | D:2      | Reached skill level 1 in Summonings
  1201 | D:2      | Reached skill level 1 in Necromancy
  1201 | D:2      | Reached skill level 1 in Translocations
  1201 | D:2      | Reached skill level 1 in Transmutations
  1201 | D:2      | Reached skill level 1 in Ice Magic
  1201 | D:2      | Reached skill level 1 in Air Magic
  1201 | D:2      | Reached skill level 1 in Earth Magic
  1201 | D:2      | Reached skill level 1 in Poison Magic
  1778 | D:2      | Reached XP level 5. HP: 36/37 MP: 12/12
  2182 | D:3      | Noticed Ijyb
  2201 | D:3      | Killed Ijyb
  2433 | D:3      | Noticed Natasha
  2437 | D:3      | Killed Natasha
  2455 | D:3      | Noticed Natasha
  2464 | D:3      | Killed Natasha
  2531 | D:3      | Found a runed translucent door.
  2532 | D:3      | Noticed Crazy Yiuf
  2552 | D:3      | Noticed Natasha
  2562 | D:3      | Killed Natasha
  2563 | D:3      | Reached XP level 6. HP: 30/44 MP: 10/14
  2914 | D:3      | You fall into a shaft and drop 1 floor!
  2973 | D:4      | Noticed Eustachio
  3383 | D:4      | Identified the +6 quarterstaff "Purefonk" {heavy, rCorr
                  | Str+9}
  3464 | D:4      | Noticed Edmund
  3479 | D:4      | Slain by Edmund

Illustrated notes

Levels and vault maps discovered:
D:1:      dpeg_arrival_arbitrary_a, layout_loops_ring
D:2:      layout_basic, serial_forest, infiniplex_forest_corner_1,
          infiniplex_forest_lined_1, infiniplex_forest_lined_2,
          infiniplex_forest_join, infiniplex_forest_end_2,
          infiniplex_forest_end_3, infiniplex_forest_side_room,
          infiniplex_forest_diagonal, grunt_ministairs_1, nicolae_grassy_gnolls
D:3:      minmay_evil_eye, layout_rooms, mainiacjoe_overflow_catwalk,
          mainiacjoe_overflow_tiny_flanked, beargit_hepliaklqana_dungeon_heroes,
          serial_shops, nicolae_diamond_shop, serial_bayou_pond_e, uniq_ijyb,
          uniq_natasha, uniq_crazy_yiuf_cottage, uniq_sigmund
D:4:      layout_basic, temple_doors_cd, uniq_edmund, uniq_eustachio

Skill      XL: |  1  2  3  4  5  6 |
---------------+-------------------+-----
Spellcasting   | 5 |  5.4
Invocations    | 1 2 |  2.3
Fighting       | 1 2 |  2.1
Short Blades   | 1 2 |  2.1
Long Blades    | 1 2 |  2.1
Axes           | 1 2 |  2.1
Maces & Flails | 1 2 |  2.1
Polearms       | 1 2 |  2.1
Staves         | 1 2 |  2.1
Throwing       | 1 2 |  2.1
Dodging        | 1 2 |  2.1
Stealth        | 1 2 |  2.1
Shields        | 1 2 |  2.1
Unarmed Combat | 1 2 |  2.1
Evocations     | 1 2 |  2.1
Conjurations   | 1 |  1.6
Hexes          | 1 |  1.6
Summonings     | 1 |  1.6
Necromancy     | 1 |  1.6
Translocations | 1 |  1.6
Transmutations | 1 |  1.6
Ice Magic      | 1 |  1.6
Air Magic      | 1 |  1.6
Earth Magic    | 1 |  1.6
Poison Magic   | 1 |  1.6
Ranged Weapons | 3 |  3.3
Armour         | |  6.9
Fire Magic     | |  7.3

Action                   |  1- 3 |  4- 6 || total
-------------------------+-------+-------++-------
 Fire: Sling             |    57 |   140 ||   197
 Cast: Foxfire           |    28 |    90 ||   118
  Use: Scroll            |       |     1 ||     1
Armor: Ring mail         |    17 |    49 ||    66
Dodge: Dodged            |    33 |    73 ||   106

Table legend: (Time is in decaauts)
 A = Elapsed time spent in this place.
 B = Non-inter-level travel time spent in this place.
 C = Inter-level travel time spent in this place.
 D = Time resting spent in this place.
 E = Time spent auto-exploring this place.
 F = Levels seen in this place.
 G = Mean time per level.
                   A        B        C        D        E       F      G
               +--------+--------+--------+--------+--------+-----+--------+
         Total |   3578 |   3500 |     78 |      0 |   2954 |   4 |  894.5 |
       Dungeon |   3578 |   3500 |     78 |      0 |   2954 |   4 |  894.5 |
               +--------+--------+--------+--------+--------+-----+--------+

Top non-repeatable levels by time:
     D:2: 1080 daAuts
     D:1: 1048 daAuts
     D:3: 872 daAuts
     D:4: 578 daAuts
